 Dungeon Crawl Stone Soup version 0.28.0-1-gb440e238dd (webtiles) character file.

Game seed: 10868050026621435951

115 Cykl0x the Digger (level 5, 0/28 HPs)
             Began as a Gargoyle Earth Elementalist on Feb 20, 2022.
             Slain by an orc (4 damage)
             ... on level 3 of the Dungeon.
             The game lasted 00:06:01 (3620 turns).

Cykl0x the Digger (Gargoyle Earth Elementalist)     Turns: 3620, Time: 00:06:02

Health: 0/28       AC:  6    Str: 12    XL:     5   Next: 0%
Magic:  1/9        EV: 12    Int: 17    God:
Gold:   102        SH:  0    Dex: 10    Spells: 6/10 levels left

rFire   . . .      SeeInvis .   q - +0 long sword
rCold   . . .      Faith    .   (no shield)
rNeg    + . .      Spirit   .   b - +0 robe
rPois   ∞          Reflect  .   (no helmet)
rElec   +          Harm     .   (no cloak)
rCorr   .          Rampage  .   (no gloves)
Will    .....                   (no boots)
Stlth   ++........              (no amulet)
HPRegen 0.09/turn               (no ring)
MPRegen 0.11/turn               (no ring)

@: attractive
A: sickness immunity, AC +4, negative energy resistance 1, electricity
resistance, torment resistance 1, petrification resistance
a: no special abilities


You were on level 3 of the Dungeon.
You visited 1 branch of the dungeon, and saw 4 of its levels.

You collected 102 gold pieces.

Inventory:

Hand Weapons
 h - a +2 dagger of venom
 q - a +0 long sword (weapon)
Missiles
 c - 104 stones
Armour
 b - a +0 robe (worn)
 d - a +0 ring mail
 e - a +0 leather armour
Scrolls
 m - 2 scrolls of teleportation
 p - 2 scrolls of fear
Potions
 f - a potion of flight
 g - a potion of attraction
 i - 2 potions of invisibility {unknown}
 k - 2 potions of heal wounds {unknown}
 l - a potion of lignification {unknown}
 n - a potion of cancellation {unknown}
 o - a potion of resistance {unknown}


   Skills:
 + Level 0.1 Short Blades
 + Level 1.8 Dodging
 - Level 2.1 Stealth
 + Level 3.2 Spellcasting
 * Level 2.0 Conjurations
 - Level 0.7 Transmutations
 + Level 4.8 Earth Magic


You had 6 spell levels left.
You knew the following spells:

 Your Spells              Type           Power      Damage    Failure   Level
a - Sandblast             Erth           38%        2d10      2%          1
b - Stone Arrow           Conj/Erth      28%        3d8       13%         3

Your spell library contained the following spells:

 Spells                   Type           Power      Damage    Failure   Level
 Passwall                 Tmut/Erth      10%        N/A       9%          2
 Blink                    Tloc           4%         N/A       26%         2
 Corpse Rot               Necr/Air       4%         N/A       26%         2
 Poisonous Vapours        Pois/Air       4%         N/A       26%         2
 Petrify                  Tmut/Erth      12%        N/A       50%         4
 Manifold Assault         Tloc           2%         N/A       99%         5
 Storm Form               Tmut/Air       1%         N/A       100%        7


Dungeon Overview and Level Annotations

Branches:
Dungeon (4/15)
 Temple: D:4-7

Altars:


Innate Abilities, Weirdness & Mutations

You are immune to sickness and miasma.
Your stone body is resilient. (AC +4)
You are immune to poison.
You resist negative energy. (rN+)
You are resistant to electric shocks. (rElec)
You are resistant to unholy torment.
You are immune to petrification.


Message History

The spell is quite dangerous to miscast (13% risk of failure)!
Continue anyway?
Aiming: Stone Arrow (quite dangerous; 13% risk of failure)
Press: ? - help, Shift-Dir - straight line, f - orc priest
Aim: an orc priest, wielding a +0 club (68% to hit)
The stone arrow misses the orc priest.
The orc closely misses you.
The orc priest hits you but does no damage.
You are too injured to fight recklessly!
Casting: Stone Arrow (quite dangerous; 13% risk of failure)
Confirm with . or Enter, or press ? or * to list all spells.
Aiming: Sandblast (safe; 2% risk of failure)
Press: ? - help, Shift-Dir - straight line, f/p - orc priest
Aim: an orc priest, wielding a +0 club (79% to hit)
You miscast Sandblast.
You are very lightly contaminated with residual magic.
Nothing appears to happen.
The orc hits you but does no damage. The dart slug launches a dart at you.
The slug dart misses you.
The orc priest hits you but does no damage.
Casting: Sandblast (safe; 2% risk of failure)
Confirm with . or Enter, or press ? or * to list all spells.
You don't have enough magic to cast this spell.
You slash the orc priest!
The orc priest is heavily wounded.
The orc hits you with a +0 hand axe.
* * * LOW HITPOINT WARNING * * *
The orc priest hits you with a +0 club.
* * * LOW HITPOINT WARNING * * *
The orc hits you but does no damage.
There is a stone staircase leading up here.
The orc hits you but does no damage.
Your magical contamination has completely faded away.
You climb upwards.
There is a stone staircase leading down here.
It was a potion of attraction.
You feel attractive to monsters. The orc hits you but does no damage.
You hit the orc.
The orc is heavily wounded.
The orc hits you with a +0 hand axe.
You die...

.......# #.#...#..####.# #^.
..#.#.## #.#.#.#..####.########.#
..#.#.####.#.#.#.................
..#.#........(..................#
..#.######.###....#########.###.#
..#)# #.# ##...##............#
..#.# #.# #...##............#
..#.######.####.o.##........)...#
................@.##............#
.........#.#.#######...........##
.#######.#.#.#### #...........#
.#######.#.#....# #...........#
...........####.# #...........#
.########### #.# #...........# ##
#.# #...........# #.#
#...........# #.# #...........#


You could see an orc.

Vanquished Creatures
  4 adders
  A worm (D:2)
  3 dart slugs
  An orc (D:4)
  7 ball pythons
  9 bats
  8 endoplasms
  2 giant cockroaches
  3 goblins (D:1)
  3 hobgoblins
  4 jackals (D:1)
  10 kobolds
  2 quokkas
  5 frilled lizards
  4 rats
66 creatures vanquished.

Notes
Turn   | Place    | Note
-------+----------+-------------------------------------------
     0 | D:1      | Cykl0x the Gargoyle Earth Elementalist began the quest for
                  | the Orb.
     0 | D:1      | Reached XP level 1. HP: 10/10 MP: 3/3
   210 | D:1      | Reached skill level 4 in Earth Magic
   210 | D:1      | Reached XP level 2. HP: 15/15 MP: 3/5
   480 | D:1      | Reached skill level 1 in Conjurations
   667 | D:1      | Found a faded altar of an unknown god.
   768 | D:1      | Reached XP level 3. HP: 19/19 MP: 4/6
   772 | D:1      | Learned a level 3 spell: Stone Arrow
  2121 | D:2      | Reached XP level 4. HP: 24/24 MP: 4/8
  3610 | D:4      | Reached XP level 5. HP: 7/28 MP: 4/9
  3620 | D:3      | Slain by an orc

Illustrated notes

Levels and vault maps discovered:
D:1:      lightli_arrival_flooded_house, layout_basic,
          shapermc_ecumenical_altar_flowoftime, minmay_pentomino_o2
D:2:      layout_rooms, grunt_decor_one_mirror, st_stairs_8
D:3:      layout_basic
D:4:      layout_rooms, serial_shops, shop, chequers_mini_garden,
          corexii_corridor_pit, minmay_gold_behind_fungi, nrook_uturn,
          chequers_serial_rivers_micro_d, minmay_fountain_box

Skill      XL: |  1  2  3  4 |
---------------+-------------+-----
Earth Magic    | 4 |  4.8
Conjurations   | 1 2 |  2.0
Spellcasting   | 3 |  3.2
Short Blades   | |  0.1
Dodging        | |  1.8
Stealth        | |  2.1
Transmutations | |  0.7

Action                   |  1- 3 |  4- 6 || total
-------------------------+-------+-------++-------
Melee: Dagger            |    35 |     8 ||    43
       Long sword        |       |     2 ||     2
 Cast: Sandblast         |    29 |     5 ||    34
       Stone Arrow       |    19 |    24 ||    43
  Use: Scroll            |     2 |     3 ||     5
       Potion            |       |     1 ||     1
Armor: Robe              |    12 |    17 ||    29
Dodge: Dodged            |    34 |    10 ||    44
